 Dungeon Crawl Stone Soup version 0.28.0-53-g5a82cb258f (webtiles) character file.

Game seed: 7178760830716748883

15 tizbic2 the Chopper (level 2, 0/16 HPs)
             Began as a Vine Stalker Berserker on Aug 7, 2022.
             Was a Follower of Trog.
             Slain by a jackal (2 damage)
             ... on level 1 of the Dungeon.
             The game lasted 00:00:59 (236 turns).

tizbic2 the Chopper (Vine Stalker Berserker)         Turns: 236, Time: 00:01:00

Health: 0/16       AC:  3    Str: 19    XL:     2   Next: 50%
Magic:  0/3        EV:  9    Int:  7    God:    Trog [*.....]
Gold:   0          SH:  0    Dex: 13    Spells: 1/1 levels left

rFire   . . .      SeeInvis .   a - +0 hand axe
rCold   . . .      Faith    .   (no shield)
rNeg    . . .      Spirit   +   b - +0 animal skin
rPois   .          Reflect  .   (no helmet)
rElec   .          Harm     .   e - +0 cloak
rCorr   .          Rampage  .   (no gloves)
Will    .....                   (no boots)
Stlth   +.........              (no amulet)
HPRegen 0.05/turn               (no ring)
MPRegen 0.08/turn               (no ring)

@: constricted
A: fangs 2, magic shield, antimagic bite, no potion heal 2
a: Renounce Religion, Berserk


You were on level 1 of the Dungeon.
You worshipped Trog.
Trog was aware of your devotion.
You visited 1 branch of the dungeon, and saw 1 of its levels.

Inventory:

Hand Weapons
 a - a +0 hand axe (weapon)
Missiles
 c - 19 arrows
Armour
 b - a +0 animal skin (worn)
 e - a +0 cloak (worn)
Scrolls
 d - a scroll of teleportation {unknown}
 f - a scroll of torment {unknown}
Potions
 g - a potion of haste {unknown}


   Skills:
 + Level 2.9 Fighting
 * Level 2.9 Axes
 - Level 1.8 Armour
 - Level 1.7 Dodging
 * Level 0.2 Unarmed Combat


You had one spell level left.
You didn't know any spells.
Your spell library was empty.

Dungeon Overview and Level Annotations

Branches:
Dungeon (1/15)

Altars:


Innate Abilities, Weirdness & Mutations

You have extremely sharp teeth.
When hurt, damage is shared between your health and your magic reserves.
Your bite disrupts and absorbs the magic of your enemies.
Potions cannot restore your health.


Message History

Trog accepts your kill.
g - a silvery potion
Found a scroll labelled YCUELE UKIFF.
A jackal comes into view.
A jackal comes into view.
The jackal barks! x2; You hear a bark!
You hear an angry hiss.
A jackal comes into view.
You hit the jackal.
You kill the jackal!
Trog accepts your kill.
You hit the jackal. The jackal bites you.
A ball python comes into view.
The jackal bites you.
The jackal bites you but does no damage.
You hit the jackal but do no damage. You closely miss the jackal.
The jackal bites you. The jackal closely misses you.
You closely miss the jackal. You barely miss the jackal.
The jackal completely misses you. The jackal barely misses you.
The jackal bites you. The jackal barely misses you.
You closely miss the jackal. Your bite misses the jackal. You hit the jackal.
You kill the jackal!
Trog accepts your kill.
The jackal bites you but does no damage.
The ball python closely misses you. The ball python grabs you.
The ball python constricts you.
You closely miss the jackal. You hit the ball python.
The jackal closely misses you. The ball python barely misses you.
The ball python constricts you. The jackal closely misses you.
You barely miss the jackal. Your bite misses the jackal.
You barely miss the ball python.
The jackal bites you but does no damage.
The ball python bites you. The ball python constricts you.
The jackal bites you.
* * * LOW HITPOINT WARNING * * *
You escape the ball python's grasp.
The ball python bites you.
* * * LOW HITPOINT WARNING * * *
The ball python grabs you. The ball python constricts you.
The jackal bites you.
You die...

#.# #.#
#.# #.#
#.# #.#
#.# #.#
#@####
#hS..####
#........
#?...####
#.#.##
......
.......
#########


You could see a jackal and a ball python.

Vanquished Creatures
  A ball python (D:1)
  A goblin (D:1)
  A hobgoblin (D:1)
  6 jackals (D:1)
  2 bats (D:1)
  A rat (D:1)
12 creatures vanquished.

Notes
Turn   | Place    | Note
-------+----------+-------------------------------------------
     0 | D:1      | tizbic2 the Vine Stalker Berserker began the quest for the
                  | Orb.
     0 | D:1      | Reached XP level 1. HP: 11/11 MP: 2/2
    60 | D:1      | Reached XP level 2. HP: 7/16 MP: 3/3
   236 | D:1      | Slain by a jackal

Illustrated notes

Levels and vault maps discovered:
D:1:      ebering_trefoil_twist, layout_loops_ring,
          hellmonk_ecumenical_altar_leap_of_faith

Action                   || total
-------------------------++-------
Melee: Hand axe          ||    35
       Bite              ||     2
Invok: Berserk           ||     1
Armor: Animal skin       ||    12
Dodge: Dodged            ||    35
